 Dungeon Crawl Stone Soup version 0.30.1-3-gfc49f6343a (webtiles) character file.

Game seed: 5479594242395953693

197 CaptainMV the Grasshopper (level 5, 0/38 HPs)
             Began as a Demonspawn Wanderer on July 26, 2023.
             Slain by a water moccasin (3 damage)
             ... on level 4 of the Dungeon.
             The game lasted 00:17:04 (1145 turns).

CaptainMV the Grasshopper (Demonspawn Wanderer)     Turns: 1145, Time: 00:17:05

Health: 0/38       AC:  2    Str:  9    XL:     5   Next: 46%
Magic:  2/7        EV: 12    Int: 16    God:
Gold:   89         SH:  0    Dex: 15    Spells: 2/7 levels left

rFire   . . .        a - +1 falchion (vamp)
rCold   . . .        (no shield)
rNeg    . . .        d - +0 robe
rPois   .            (no helmet)
rElec   .            j - scarf {shadows}
rCorr   .            (no gloves)
SInv    .            (no boots)
Will    .....        (no amulet)
Stlth   ++           (no ring)
HPRegen 0.26/turn    (no ring)
MPRegen 0.10/turn

%: no passive effects
@: invisible
A: hooves 1, foul stench 1, demonic touch 1
a: no special abilities


You were on level 4 of the Dungeon.
You visited 1 branch of the dungeon, and saw 3 of its levels.
You also visited: Sewer.

You collected 89 gold pieces.

Inventory:

Hand Weapons
 a - a +1 vampiric falchion (weapon)
 b - a +0 shortbow
Missiles
 k - 4 poisoned darts (quivered)
Armour
 d - a +0 robe (worn)
 j - a scarf of shadows (worn)
 n - a +0 buckler
Jewellery
 e - a ring of ice
Wands
 r - a wand of digging (1)
Scrolls
 m - a scroll of butterflies
 o - a scroll of fog
Potions
 c - a potion of berserk rage
 h - a potion of brilliance {unknown}
 i - 2 potions of haste
 l - 2 potions of flight {unknown}
 p - a potion of ambrosia {unknown}
 q - 2 potions of magic {unknown}


   Skills:
 + Level 2.1 Fighting
 + Level 3.2 Long Blades
 + Level 1.2 Throwing
 + Level 1.3 Dodging
 + Level 0.5 Stealth
 + Level 1.4 Shields
 + Level 1.5 Spellcasting
 + Level 4.1 Translocations
 + Level 0.1 Fire Magic
 + Level 1.0 Evocations


You had 2 spell levels left.
You knew the following spells:

 Your Spells              Type           Power      Damage    Failure   Level
a - Volatile Blastmotes   Fire/Tloc      16%        2d11      26%         3
b - Blink                 Tloc           28%        N/A       6%          2

Your spell library contained the following spells:

 Spells                   Type           Power      Damage    Failure   Level
 Apportation              Tloc           28%        N/A       4%          1
 Lesser Beckoning         Tloc           28%        N/A       6%          2
 Sting                    Tmut/Pois      4%         1d3       22%         1
 Poisonous Vapours        Pois/Air       2%         N/A       32%         2
 Dazzling Flash           Conj/Hex       2%         N/A       54%         3
 Iskenderun's Mystic Bla  Conj/Tloc      7%         2d4       67%         4
 Fulminant Prism          Conj/Hex       0%         3d5       91%         4
 Olgreb's Toxic Radiance  Pois           1%         N/A       91%         4
 Lee's Rapid Deconstruct  Erth           0%         3d4*      99%         5
 Starburst                Conj/Fire      0%         6d3       100%        6


Dungeon Overview and Level Annotations

Branches:
Dungeon (4/15)              Sewer (visited)
 Temple: D:4-7

Altars:
Cheibriados
Gozag
Yredelemnul


Innate Abilities, Weirdness & Mutations

You have large cloven feet.
You may rarely emit foul miasma when damaged in melee.
Your touch may inflict minor irresistible damage on your foes.


Message History

The iguana hisses angrily.
You hit the hound.
The hound is almost dead.
The hound closely misses you.
A goblin comes into view. It is wielding a +0 club.
The hound bites you.
You barely miss the hound. Your kick misses the hound.
The hound is almost dead.
The hound bites you.
A water moccasin comes into view.
The hound bites you.
* * * LOW HITPOINT WARNING * * *
You barely miss the hound. Your kick misses the hound.
The hound is almost dead.
The hound barely misses you.
You hit the hound.
You feel better.
You kill the hound!
An endoplasm comes into view.
The iguana barely misses you.
You hit the iguana.
You feel better.
You kick the iguana, but do no damage.
The iguana is moderately wounded.
The iguana bites you!
* * * LOW HITPOINT WARNING * * *
You hit the water moccasin.
You feel better.
You kick the water moccasin. Your touch misses the water moccasin.
The water moccasin is lightly wounded.
The water moccasin bites you.
* * * LOW HITPOINT WARNING * * *
You are lethally poisoned!
The water moccasin poisons you!
The endoplasm jiggles.
The goblin hits you but does no damage. The iguana closely misses you.
You feel better. The water moccasin bites you.
* * * LOW HITPOINT WARNING * * *
The goblin hits you with a +0 club.
* * * LOW HITPOINT WARNING * * *
The iguana barely misses you. The water moccasin barely misses you.
You fade into invisibility!
The water moccasin bites you.
You die...

####+####
.#.
#........
...
#........
####
#........
....
#........
####
#........
...<
#........
+#.#
#.S......
#@gJ.....
#l.......
#.....(..
.........
...(......
..........
.........


You could see a water moccasin (unable to see you), an iguana (unable to see
you), an endoplasm and a goblin (unable to see you).

Vanquished Creatures
  A scorpion (D:4)
  A hound (D:4)
  6 adders
  A dart slug (D:2)
  12 ball pythons
  A bat (D:1)
  4 endoplasms
  A giant cockroach (D:2)
  2 goblins
  5 hobgoblins
  3 quokkas
  10 frilled lizards
  2 kobolds
  7 rats
56 creatures vanquished.

Notes
Turn   | Place    | Note
-------+----------+-------------------------------------------
     0 | D:1      | CaptainMV the Demonspawn Wanderer began the quest for the
                  | Orb.
     0 | D:1      | CaptainMV set off with the following items: a +0 falchion,
                  | a +0 buckler, a potion of berserk rage, a +0 robe; and the
                  | following spell memorised: Apportation; and the following
                  | spells available to memorise: Blink, Lesser Beckoning.
     0 | D:1      | Reached XP level 1. HP: 15/15 MP: 2/2
   211 | D:1      | Discovered your monstrous ancestry.
   211 | D:1      | Gained mutation: You have large cloven feet. [demonic
                  | ancestry]
   211 | D:1      | Reached XP level 2. HP: 21/21 MP: 3/3
   214 | D:1      | Learned a level 2 spell: Blink
   273 | D:1      | Reached skill level 4 in Translocations
   416 | D:2      | Found a snail-covered altar of Cheibriados.
   472 | D:2      | Gained mutation: You may rarely emit foul miasma when
                  | damaged in melee. [demonic ancestry]
   472 | D:2      | Reached XP level 3. HP: 22/26 MP: 4/4
   545 | D:2      | You fall into a shaft and drop 2 floors!
   564 | D:4      | Found a glowing drain.
   588 | Sewer    | Entered a sewer
   619 | Sewer    | HP: 1/26 [poisoned by an adder]
   776 | Sewer    | Gained mutation: Your touch may inflict minor irresistible
                  | damage on your foes. [demonic ancestry]
   776 | Sewer    | Reached XP level 4. HP: 16/32 MP: 6/6
   845 | D:4      | Noticed a scorpion
   852 | D:4      | Killed a scorpion
   853 | D:4      | Reached skill level 1 in Throwing
   853 | D:4      | Reached skill level 1 in Dodging
   940 | D:4      | Reached XP level 5. HP: 34/38 MP: 7/7
   955 | D:4      | Learned a level 3 spell: Volatile Blastmotes
   970 | D:4      | Found a basalt altar of Yredelemnul.
  1099 | D:4      | Found an opulent altar of Gozag.
  1139 | D:4      | Noticed a water moccasin
  1145 | D:4      | Slain by a water moccasin

Illustrated notes

Levels and vault maps discovered:
D:1:      wander_arrival_abandoned_jail, layout_rooms
D:2:      layout_rooms, basic_altar, serial_curves, eino_curves_02,
          eino_curves_04, eino_curves_01
D:4:      layout_basic, pdpol_temple_overflow_zin_treasury_gozag_greed,
          amcnicky_altar_gilded, cheibrodos_sewer_entry_drain

Skill      XL: |  1  2  3  4  5 |
---------------+----------------+-----
Translocations | 4 |  4.1
Long Blades    | 2 3 |  3.2
Throwing       | 1 |  1.2
Dodging        | 1 |  1.3
Fighting       | 2 |  2.1
Stealth        | |  0.5
Shields        | |  1.4
Spellcasting   | |  1.5
Fire Magic     | |  0.1
Evocations     | |  1.0

Action                     |  1- 3 |  4- 6 || total
---------------------------+-------+-------++-------
  Melee: Falchion          |    99 |    17 ||   116
         Kick              |    11 |     4 ||    15
         Touch             |       |     3 ||     3
         Punch             |       |     1 ||     1
   Fire: Shortbow          |       |     2 ||     2
  Throw: Dart              |    17 |       ||    17
   Cast: Apportation       |    11 |       ||    11
         Blink             |     1 |       ||     1
         Volatile Blastmot |       |     5 ||     5
    Use: Scroll            |     7 |     4 ||    11
         Potion            |     2 |     2 ||     4
   Stab: Sleeping          |     1 |     1 ||     2
 Armour: Robe              |    20 |     1 ||    21
  Dodge: Dodged            |    58 |    12 ||    70
  Block: Buckler           |    16 |       ||    16
